| TOP OF THE 1ST |
|
Harrisburg Senators batting - Pitching for Pensacola Blue Wahoos : RHP Jose Marrero
|
|
Pitching: RHP Jose Marrero
|
|
|
Batting: RHB Pat Drader
|
0-0: Ball 1-0: Ground out 4-3 (Groundball, 4M, EV 106.9 MPH)
|
|
Batting: RHB Jim Miske
|
0-0: Ball 1-0: Ball 2-0: Ground out 5-3 (Groundball, 5L, EV 103.8 MPH)
|
|
Batting: RHB Kevin Wick
|
0-0: Fly out, F4 (Line Drive, 4M, EV 70.0 MPH)
|
| Top of the 1st over - 0 runs, 0 hits, 0 errors, 0 left on base; Harrisburg 0 - Pensacola 0 |
| BOTTOM OF THE 1ST |
|
Pensacola Blue Wahoos batting - Pitching for Harrisburg Senators : RHP Travis Hardin
|
|
Pitching: RHP Travis Hardin
|
|
|
Batting: SHB Bryan Johnston
|
0-0: Swinging Strike 0-1: Foul Ball, location: 2F 0-2: Ball 1-2: Foul Ball, location: 2F 1-2: Ball 2-2: Ground out 3-1 (Groundball, 13, EV 76.2 MPH)
|
|
Batting: RHB Ryan Short
|
0-0: Ground out 6-3 (Groundball, 6, EV 80.0 MPH)
|
|
Batting: RHB Dusty Pollert
|
0-0: Foul Ball, location: 2F 0-1: Ball 1-1: Fly out, F4 (Popup, 4S, EV 70.6 MPH)
|
| Bottom of the 1st over - 0 runs, 0 hits, 0 errors, 0 left on base; Harrisburg 0 - Pensacola 0 |
| TOP OF THE 2ND |
|
Harrisburg Senators batting - Pitching for Pensacola Blue Wahoos : RHP Jose Marrero
|
|
Batting: LHB Erik Beezley
|
0-0: Ball 1-0: Swinging Strike 1-1: Called Strike 1-2: Ball 2-2: Ball 3-2: Ground out U3 (Groundball, 3, EV 103.1 MPH)
|
|
Batting: RHB Rene Montoya
|
0-0: Called Strike 0-1: Called Strike 0-2: Ball 1-2: Ground out 5-3 (Groundball, 56S, EV 90.0 MPH)
|
|
Batting: RHB Ben Welt
|
0-0: Ball 1-0: Ball 2-0: Ball 3-0: Called Strike 3-1: Base on Balls
|
|
Batting: RHB John McNeill
|
0-0: Ball Ben Welt steals 2nd base 1-0: Called Strike 1-1: Foul Ball, location: 2F 1-2: DOUBLE (Line Drive, 7LS, EV 96.2 MPH) Ben Welt scores
|
|
Batting: RHB Marcus Dawson
|
0-0: Called Strike 0-1: Ball 1-1: Foul Ball, location: 2F 1-2: Foul Ball, location: 2F 1-2: Foul Ball, location: 2F 1-2: Strikes out looking
|
| Top of the 2nd over - 1 run, 1 hit, 0 errors, 1 left on base; Harrisburg 1 - Pensacola 0 |
| BOTTOM OF THE 2ND |
|
Pensacola Blue Wahoos batting - Pitching for Harrisburg Senators : RHP Travis Hardin
|
|
Batting: RHB David Clough
|
0-0: Ball 1-0: Foul Ball, location: 2F 1-1: Ball 2-1: SOLO HOME RUN (Flyball, 7D, EV 98.8 MPH), Distance : 390 ft
|
|
Batting: RHB Pedro Pinero
|
0-0: Called Strike 0-1: Fly out, F3 (Popup, 3S, EV 69.4 MPH)
|
|
Batting: SHB Alex Morales
|
0-0: Ball 1-0: Called Strike 1-1: Ground out 1-3 (Groundball, 13S, EV 62.5 MPH)
|
|
Batting: LHB Ray Walden
|
0-0: Ball 1-0: Foul Ball, location: 2F 1-1: Called Strike 1-2: Foul Ball, location: 2F 1-2: Foul Ball, location: 2F 1-2: Ball 2-2: Strikes out looking
|
| Bottom of the 2nd over - 1 run, 1 hit, 0 errors, 0 left on base; Harrisburg 1 - Pensacola 1 |
| TOP OF THE 3RD |
|
Harrisburg Senators batting - Pitching for Pensacola Blue Wahoos : RHP Jose Marrero
|
|
Batting: RHB Josh Lykins
|
0-0: Ball 1-0: Ground out U3 (Groundball, 3S, EV 70.6 MPH)
|
|
Batting: RHB Pat Drader
|
0-0: Ball 1-0: Ball 2-0: Fly out, F7 (Flyball, 78S, EV 87.5 MPH)
|
|
Batting: RHB Jim Miske
|
0-0: Called Strike 0-1: Foul Ball, location: 2F 0-2: Strikes out swinging
|
| Top of the 3rd over - 0 runs, 0 hits, 0 errors, 0 left on base; Harrisburg 1 - Pensacola 1 |
| BOTTOM OF THE 3RD |
|
Pensacola Blue Wahoos batting - Pitching for Harrisburg Senators : RHP Travis Hardin
|
|
Batting: LHB Nick Nino
|
0-0: SINGLE (Groundball, 34D, EV 96.9 MPH)
|
|
Batting: RHB Eric Sullivan
|
0-0: Ball Wild Pitch! Nick Nino to second 1-0: Ball 2-0: Ball 3-0: Called Strike 3-1: SINGLE (Groundball, 4D, EV 101.2 MPH) Nick Nino to third Runner from 3rd tries for Home, throw by RF and OUT! 9-2 Eric Sullivan to second
|
|
Batting: SHB Bryan Johnston
|
0-0: Ball 1-0: Ball 2-0: Called Strike 2-1: Foul Ball, location: 2F 2-2: Foul Ball, location: 2F 2-2: Ball 3-2: Strikes out swinging
|
|
Batting: RHB Ryan Short
|
0-0: Called Strike 0-1: Foul Ball, location: 2F 0-2: Ball 1-2: Ball 2-2: Strikes out swinging
|
| Bottom of the 3rd over - 0 runs, 2 hits, 0 errors, 1 left on base; Harrisburg 1 - Pensacola 1 |
| TOP OF THE 4TH |
|
Harrisburg Senators batting - Pitching for Pensacola Blue Wahoos : RHP Jose Marrero
|
|
Batting: RHB Kevin Wick
|
0-0: Ball 1-0: Foul Ball, location: 2F 1-1: Ball 2-1: Foul Ball, location: 2F 2-2: Strikes out swinging
|
|
Batting: LHB Erik Beezley
|
0-0: Swinging Strike 0-1: Called Strike 0-2: Fly out, F8 (Flyball, 8LXD, EV 104.4 MPH)
|
|
Batting: RHB Rene Montoya
|
0-0: Called Strike 0-1: Ball 1-1: Called Strike 1-2: Strikes out swinging, 2-3 out at first.
|
| Top of the 4th over - 0 runs, 0 hits, 0 errors, 0 left on base; Harrisburg 1 - Pensacola 1 |
| BOTTOM OF THE 4TH |
|
Pensacola Blue Wahoos batting - Pitching for Harrisburg Senators : RHP Travis Hardin
|
|
Batting: RHB Dusty Pollert
|
0-0: Called Strike 0-1: DOUBLE (Line Drive, 9LD, EV 108.8 MPH)
|
|
Batting: RHB David Clough
|
0-0: Foul Ball, location: 2F 0-1: Swinging Strike 0-2: Strikes out swinging
|
|
Batting: RHB Pedro Pinero
|
0-0: Called Strike 0-1: Called Strike 0-2: Foul Ball, location: 2F 0-2: Ball 1-2: Ground out 4-3 (Groundball, 4, EV 88.1 MPH) Dusty Pollert to third
|
|
Batting: SHB Alex Morales
|
0-0: Called Strike 0-1: Foul Ball, location: 2F 0-2: Ground out 4-3 (Groundball, 4M, EV 75.6 MPH)
|
| Bottom of the 4th over - 0 runs, 1 hit, 0 errors, 1 left on base; Harrisburg 1 - Pensacola 1 |
| TOP OF THE 5TH |
|
Harrisburg Senators batting - Pitching for Pensacola Blue Wahoos : RHP Jose Marrero
|
|
Batting: RHB Ben Welt
|
0-0: Ball 1-0: Ball 2-0: Ball 3-0: Called Strike 3-1: Base on Balls
|
|
Batting: RHB John McNeill
|
0-0: Ball 1-0: Ball 2-0: Ball 3-0: Foul Ball, location: 2F 3-1: Foul Ball, location: 2F 3-2: Foul Ball, location: 2F 3-2: Strikes out swinging Ben Welt is caught stealing 2nd base 2-4 Batter strikes out.
|
|
Batting: RHB Marcus Dawson
|
0-0: Called Strike 0-1: Ball 1-1: Foul Ball, location: 2F 1-2: Foul Ball, location: 2F 1-2: Strikes out looking
|
| Top of the 5th over - 0 runs, 0 hits, 0 errors, 0 left on base; Harrisburg 1 - Pensacola 1 |
| BOTTOM OF THE 5TH |
|
Pensacola Blue Wahoos batting - Pitching for Harrisburg Senators : RHP Travis Hardin
|
|
Batting: LHB Ray Walden
|
0-0: Called Strike 0-1: Ball 1-1: Ball 2-1: Ball 3-1: Foul Ball, location: 2F 3-2: Base on Balls
|
|
Batting: LHB Nick Nino
|
0-0: Called Strike 0-1: Ball 1-1: Ball 2-1: Swinging Strike 2-2: Ball 3-2: Base on Balls Ray Walden to second
|
|
Batting: RHB Eric Sullivan
|
0-0: Ball 1-0: Swinging Strike 1-1: Ball 2-1: Called Strike 2-2: Ball 3-2: Fielders Choice at 2nd, U6 (Groundball, 4M, EV 109.4 MPH) Ray Walden to third
|
|
Batting: SHB Bryan Johnston
|
0-0: Ball 1-0: Foul Ball, location: 2F 1-1: DOUBLE (Line Drive, 8RXD, EV 102.5 MPH) Ray Walden scores Eric Sullivan to third Runner from 3rd tries for Home, SAFE, throw by CF to home
|
|
Batting: RHB Ryan Short
|
0-0: Ball 1-0: Ball 2-0: Ground out 5-3 (Groundball, 56, EV 80.0 MPH)
|
|
Batting: RHB Dusty Pollert
|
0-0: Ball 1-0: Ball 2-0: Ball 3-0: Called Strike 3-1: Base on Balls
|
|
Batting: RHB David Clough
|
0-0: Swinging Strike 0-1: Ball 1-1: Swinging Strike 1-2: Strikes out looking
|
| Bottom of the 5th over - 2 runs, 1 hit, 0 errors, 2 left on base; Harrisburg 1 - Pensacola 3 |
| TOP OF THE 6TH |
|
Harrisburg Senators batting - Pitching for Pensacola Blue Wahoos : RHP Jose Marrero
|
|
Batting: RHB Josh Lykins
|
0-0: Called Strike 0-1: Ball 1-1: Ball 2-1: Swinging Strike 2-2: Ball 3-2: Strikes out swinging
|
|
Batting: RHB Pat Drader
|
0-0: Called Strike 0-1: Fly out, F8 (Line Drive, 8RM, EV 99.4 MPH)
|
|
Batting: RHB Jim Miske
|
0-0: Ground out 6-3 (Groundball, 6, EV 103.1 MPH)
|
| Top of the 6th over - 0 runs, 0 hits, 0 errors, 0 left on base; Harrisburg 1 - Pensacola 3 |
| BOTTOM OF THE 6TH |
|
Pensacola Blue Wahoos batting - Pitching for Harrisburg Senators : RHP Travis Hardin
|
|
Pitching: RHP Ramon Rodriguez
|
|
|
Batting: RHB Pedro Pinero
|
0-0: Ball 1-0: Ball 2-0: Called Strike 2-1: Called Strike 2-2: Foul Ball, location: 2F 2-2: Ball 3-2: Strikes out swinging
|
|
Batting: SHB Alex Morales
|
0-0: Called Strike 0-1: Ground out 4-3 (Groundball, 4, EV 80.6 MPH)
|
|
Batting: LHB Ray Walden
|
0-0: Ball 1-0: Foul Ball, location: 2F 1-1: Foul Ball, location: 2F 1-2: Ball 2-2: Hit by Pitch
|
|
Batting: LHB Nick Nino
|
0-0: Swinging Strike 0-1: SINGLE (Groundball, 56D, EV 96.2 MPH) Ray Walden to second
|
|
Batting: RHB Eric Sullivan
|
0-0: Ground out 4-3 (Groundball, 4, EV 86.2 MPH)
|
| Bottom of the 6th over - 0 runs, 1 hit, 0 errors, 2 left on base; Harrisburg 1 - Pensacola 3 |
| TOP OF THE 7TH |
|
Harrisburg Senators batting - Pitching for Pensacola Blue Wahoos : RHP Jose Marrero
|
|
Now in RF: Brian Snyder
|
|
|
Batting: RHB Kevin Wick
|
0-0: Called Strike 0-1: SINGLE (Groundball, 6MS, EV 69.4 MPH) (infield hit)
|
|
Batting: LHB Erik Beezley
|
0-0: Swinging Strike 0-1: Swinging Strike 0-2: Strikes out swinging
|
|
Batting: RHB Rene Montoya
|
0-0: Fielders Choice at 2nd, 6-4 (Groundball, 6, EV 78.8 MPH)
|
|
Batting: RHB Ben Welt
|
0-0: Ball 1-0: Ball 2-0: Swinging Strike 2-1: Foul Ball, location: 2F 2-2: Ball 3-2: Strikes out swinging
|
| Top of the 7th over - 0 runs, 1 hit, 0 errors, 1 left on base; Harrisburg 1 - Pensacola 3 |
| BOTTOM OF THE 7TH |
|
Pensacola Blue Wahoos batting - Pitching for Harrisburg Senators : RHP Ramon Rodriguez
|
|
Batting: SHB Bryan Johnston
|
0-0: Ball 1-0: Swinging Strike 1-1: Ball 2-1: Ground out 4-3 (Groundball, 4D, EV 89.4 MPH)
|
|
Batting: RHB Ryan Short
|
0-0: Ball 1-0: Foul Ball, location: 2F 1-1: Swinging Strike 1-2: Foul Ball, location: 2F 1-2: Strikes out swinging
|
|
Batting: RHB Dusty Pollert
|
0-0: Ball 1-0: Ball 2-0: Swinging Strike 2-1: Foul Ball, location: 2F 2-2: Strikes out swinging
|
| Bottom of the 7th over - 0 runs, 0 hits, 0 errors, 0 left on base; Harrisburg 1 - Pensacola 3 |
| TOP OF THE 8TH |
|
Harrisburg Senators batting - Pitching for Pensacola Blue Wahoos : RHP Jose Marrero
|
|
Batting: RHB John McNeill
|
0-0: Ball 1-0: Called Strike 1-1: Foul Ball, location: 2F 1-2: Ball 2-2: Strikes out looking
|
|
Pinch Hitting: LHB John Luke
|
0-0: Ball 1-0: Called Strike 1-1: Foul Ball, location: 2F 1-2: Foul Ball, location: 2F 1-2: Foul Ball, location: 2F 1-2: Strikes out swinging
|
|
Batting: RHB Josh Lykins
|
0-0: Called Strike 0-1: Called Strike 0-2: Ball 1-2: Ground out 5-3 (Groundball, 5S, EV 70.0 MPH)
|
| Top of the 8th over - 0 runs, 0 hits, 0 errors, 0 left on base; Harrisburg 1 - Pensacola 3 |
| BOTTOM OF THE 8TH |
|
Pensacola Blue Wahoos batting - Pitching for Harrisburg Senators : RHP Ramon Rodriguez
|
|
Pitching: RHP Jason Beck
|
|
|
Now at 3B: Justin Slifka
|
|
|
Batting: RHB David Clough
|
0-0: Foul Ball, location: 2F 0-1: Ball 1-1: Foul Ball, location: 2F 1-2: Strikes out looking
|
|
Batting: RHB Pedro Pinero
|
0-0: Fly out, F9 (Flyball, 89XD, EV 88.1 MPH)
|
|
Batting: LHB Brian Snyder
|
0-0: Ball 1-0: Swinging Strike 1-1: Swinging Strike 1-2: Ball 2-2: Ball 3-2: Strikes out swinging
|
| Bottom of the 8th over - 0 runs, 0 hits, 0 errors, 0 left on base; Harrisburg 1 - Pensacola 3 |
| TOP OF THE 9TH |
|
Harrisburg Senators batting - Pitching for Pensacola Blue Wahoos : RHP Jose Marrero
|
|
Pitching: RHP Tim Bant
|
|
|
Batting: RHB Pat Drader
|
0-0: Swinging Strike 0-1: Ball 1-1: Swinging Strike 1-2: Strikes out swinging
|
|
Batting: RHB Jim Miske
|
0-0: Ball 1-0: Ball 2-0: Called Strike 2-1: Called Strike 2-2: SINGLE (Groundball, 6MD, EV 96.2 MPH)
|
|
Batting: RHB Kevin Wick
|
0-0: Ball 1-0: Ball 2-0: Swinging Strike 2-1: Called Strike 2-2: Fielders Choice at 2nd, 1-4 (Groundball, 15S, EV 71.9 MPH)
|
|
Batting: LHB Erik Beezley
|
0-0: Foul Ball, location: 2F 0-1: Swinging Strike 0-2: Foul Ball, location: 2F 0-2: Ball 1-2: Ball 2-2: Strikes out swinging
|
| Top of the 9th over - 0 runs, 1 hit, 0 errors, 1 left on base; Harrisburg 1 - Pensacola 3 |
|